 Dungeon Crawl Stone Soup version 0.31-a0-986-g5e6e4ef867 (webtiles) character file.

Game seed: 7983489543405827741

60 strifetoe the Shooter (level 4, -1/36 HPs)
             Began as a Meteoran Hunter on Nov 12, 2023.
             Slain by a gnoll
             ... wielding a +0 spear
              (6 damage)
             ... on level 3 of the Dungeon.
             The game lasted 00:02:42 (565 turns).

strifetoe the Shooter (Meteoran Hunter)              Turns: 565, Time: 00:02:43

Health: -1/36      AC:  9    Str: 12    XL:     4   Next: 48%
Magic:  5/5        EV:  6    Int: 10    God:
Gold:   39         SH:  0    Dex: 20    Spells: 3/3 levels left

rFire   . . .        a - +0 shortbow
rCold   . . .        (shield currently unavailable)
rNeg    . . .        j - +0 chain mail
rPois   .            f - +1 hat {Stlth+}
rElec   .            (no cloak)
rCorr   .            (no gloves)
SInv    .            (no boots)
Will    .....        (no amulet) Stlth
                     (no ring)
HPRegen 0.26/turn    (no ring)
MPRegen 0.09/turn

%: no passive effects
@: mighty, brilliant, glowing
A: sense surroundings 1, otherworldly, glowing, explore regen
a: no special abilities


You were on level 3 of the Dungeon.
You visited 1 branch of the dungeon, and saw 4 of its levels.

You collected 39 gold pieces.

Inventory:

Hand Weapons
 a - a +0 shortbow (weapon)
Armour
 c - a +0 leather armour
 e - a +0 scale mail
 f - a +1 hat of stealth (worn)
 j - a +0 chain mail (worn)
Scrolls
 b - a scroll of butterflies
 g - 2 scrolls of identify {unknown}
 i - a scroll of amnesia {unknown}


   Skills:
 - Level 2.1 Fighting
 + Level 6.0 Ranged Weapons
 - Level 2.1 Dodging
 - Level 0.6 Stealth


You had 3 spell levels left.
You didn't know any spells.
Your spell library was empty.

Dungeon Overview and Level Annotations

Branches:
Dungeon (4/15) Zot: 1812
 Temple: D:4-7

Altars:


Innate Abilities, Weirdness & Mutations

You passively map a small area around you.
You are easily found by Zot.
You glow in the dark.
You regain HP and MP as you explore.


Message History

The gnoll hits you from afar with a +0 spear.
* * * LOW HITPOINT WARNING * * *
Unknown command.
You are too injured to fight recklessly!
Unknown command.
You aren't carrying any items that you can evoke.
It was a potion of brilliance.
You feel clever all of a sudden. The gnoll hits you but does no damage.
The gnoll hits you from afar with a +0 spear.
* * * LOW HITPOINT WARNING * * *
It was a potion of might.
You feel very mighty all of a sudden. The gnoll hits you with a +0 whip.
* * * LOW HITPOINT WARNING * * *
The gnoll hits you but does no damage. The gnoll attacks as it pursues you!
The gnoll barely misses you. The gnoll attacks as it pursues you!
The gnoll barely misses you. The gnoll attacks as it pursues you!
The gnoll barely misses you. The gnoll attacks as it pursues you!
The gnoll hits you with a +0 whip.
* * * LOW HITPOINT WARNING * * *
The gnoll attacks as it pursues you! The gnoll hits you with a +0 whip.
* * * LOW HITPOINT WARNING * * *
Unknown command.
Fire: a) +0 shortbow
Press: ? - help, Q - select action Shift-Dir - straight line, f/p - gnoll
Aim: a gnoll, wielding a +0 whip (69% to hit)
You shoot an arrow. The arrow hits the gnoll!
The gnoll is severely wounded.
The gnoll hits you but does no damage. The gnoll barely misses you.
The gnoll hits you with a +0 whip.
* * * LOW HITPOINT WARNING * * *
Fire: a) +0 shortbow
Press: ? - help, Q - select action Shift-Dir - straight line, f/p - gnoll
Aim: a gnoll, wielding a +0 whip (severely wounded, 69% to hit)
You shoot an arrow.
The arrow hits the gnoll but does no damage.
The gnoll is severely wounded.
The gnoll hits you from afar with a +0 spear.
You die...

######## #......### ##........#
####### #...8.⌠.8.# #.....#
#.#.......## #.....#
#.#.⌠._.⌠..##
#######.....#####.#.........#####
..).........Jggg@...8.⌠.8........
.######.....#######.......######.
#.....# ######### #. ,* #.....#
##. #.....# ,, ... , #.....# *,
######. , #.....# ....+. *
####### * * * #.##. , , * ###....


You could see 3 gnolls and an endoplasm.

Vanquished Creatures
  2 adders
  A gnoll (D:3)
  2 worms
  A dart slug (D:3)
  2 bats
  An endoplasm (D:3)
  2 giant cockroaches (D:2)
  A goblin (D:2)
  4 hobgoblins (D:2)
  2 jackals (D:3)
  A kobold (D:2)
  4 ball pythons
  A rat (D:2)
24 creatures vanquished.

Notes
Turn   | Place    | Note
-------+----------+-------------------------------------------
     0 | D:1      | strifetoe the Meteoran Hunter began the quest for the Orb.
     0 | D:1      | Reached XP level 1. HP: 17/17 MP: 2/2
     1 | D:1      | You fall into a shaft and drop 1 floor!
    58 | D:2      | Reached skill level 5 in Ranged Weapons
    58 | D:2      | Reached XP level 2. HP: 3/24 MP: 3/3
   116 | D:2      | Reached XP level 3. HP: 3/29 MP: 4/4
   442 | D:4      | Reached XP level 4. HP: 36/36 MP: 5/5
   496 | D:3      | Found a faded altar of an unknown god.
   547 | D:3      | Reached skill level 6 in Ranged Weapons
   565 | D:3      | Slain by a gnoll

Illustrated notes

Levels and vault maps discovered:
D:1:      lightli_arrival_isolated_outpost, layout_basic
D:2:      layout_loops_ring, minmay_misc_feat_hallway,
          minmay_fractal_squares_gapless_5
D:3:      layout_basic, hellmonk_ecumenical_altar_dog_temple
D:4:      kennysheep_the_goblin_king, layout_basic

Skill      XL: |  1  2  3  4 |
---------------+-------------+-----
Ranged Weapons | 5 6 |  6.0
Fighting       | |  2.1
Dodging        | |  2.1
Stealth        | |  0.6

Action                     |  1- 3 |  4- 6 || total
---------------------------+-------+-------++-------
   Fire: Shortbow          |    62 |    18 ||    80
    Use: Potion            |       |     2 ||     2
 Armour: Leather armour    |    41 |       ||    41
         Chain mail        |       |    24 ||    24
         Scale mail        |       |     6 ||     6
  Dodge: Dodged            |    22 |    15 ||    37

Table legend: (Time is in decaauts)
 A = Elapsed time spent in this place.
 B = Non-inter-level travel time spent in this place.
 C = Inter-level travel time spent in this place.
 D = Time resting spent in this place.
 E = Time spent auto-exploring this place.
 F = Levels seen in this place.
 G = Mean time per level.
                   A        B        C        D        E       F      G
               +--------+--------+--------+--------+--------+-----+--------+
         Total |    585 |    566 |     19 |      0 |      0 |   4 |  146.2 |
       Dungeon |    585 |    566 |     19 |      0 |      0 |   4 |  146.2 |
               +--------+--------+--------+--------+--------+-----+--------+

Top non-repeatable levels by time:
     D:2: 290 daAuts
     D:3: 224 daAuts
     D:4: 62 daAuts
     D:1: 8 daAuts
